 Dungeon Crawl Stone Soup version 0.30.0-10-gfe55d96785 (webtiles) character file.

Game seed: 14750225353877767719

727 monsoonserge the Slasher (level 8, 0/68 HPs)
             Began as a Meteoran Monk on May 16, 2023.
             Was an Elder of Wu Jian.
             Slain by a gnoll sergeant
             ... wielding a +2 trident of protection
              (9 damage)
             ... on level 6 of the Dungeon.
             The game lasted 00:20:41 (2852 turns).

monsoonserge the Slasher (Meteoran Monk)            Turns: 2852, Time: 00:20:41

Health: 0/68       AC: 11    Str: 12    XL:     8   Next: 23%
Magic:  9/9        EV:  8    Int: 11    God:    Wu Jian [****..]
Gold:   234        SH:  0    Dex: 20    Spells: 7/7 levels left

rFire   . . .        C - +0 rapier
rCold   . . .        d - orb {light}
rNeg    . . .        i - +0 chain mail
rPois   .            o - +0 helmet
rElec   .            (no cloak)
rCorr   .            (no gloves)
SInv    .            h - +0 pair of boots
Will    +....        (no amulet) Stlth
                     (no ring)
HPRegen 0.31/turn    (no ring)
MPRegen 0.11/turn

%: no passive effects
@: exhausted, glowing
A: sense surroundings 1, otherworldly, glowing, explore regen
a: Renounce Religion, Wall Jump, Serpent's Lash


You were on level 6 of the Dungeon.
You worshipped Wu Jian.
Wu Jian was greatly pleased with you.
You visited 1 branch of the dungeon, and saw 6 of its levels.

You collected 234 gold pieces.

Inventory:

Hand Weapons
 a - a +0 falchion
 C - a +0 rapier (weapon)
Missiles
 k - 6 javelins (quivered)
 F - 5 poisoned darts
Armour
 b - a +0 robe
 d - an orb of light (worn)
 e - a +0 leather armour
 h - a +0 pair of boots (worn)
 i - a +0 chain mail (worn)
 o - a +0 helmet (worn)
 x - a +0 ring mail
Jewellery
 n - a ring of magical power
Wands
 r - a wand of roots (13)
 y - a wand of mindburst (14)
Scrolls
 g - 2 scrolls of blinking {unknown}
 j - 3 scrolls of identify {unknown}
 l - a scroll of magic mapping {unknown}
 p - a scroll of amnesia {unknown}
 s - a scroll of noise {unknown}
 t - a scroll of poison {unknown}
 u - 2 scrolls of vulnerability {unknown}
 v - a scroll of fog {unknown}
 A - a scroll of teleportation {unknown}
 D - a scroll of enchant weapon {unknown}
Potions
 c - a potion of ambrosia
 f - a potion of berserk rage {unknown}
 m - 2 potions of invisibility {unknown}
 q - a potion of heal wounds
 w - 2 potions of mutation {unknown}
 z - a potion of brilliance {unknown}
 B - a potion of curing {unknown}
 E - a potion of degeneration {unknown}


   Skills:
 + Level 5.1 Fighting
 + Level 3.2(5.3) Short Blades
 + Level 7.3(7.7) Long Blades
 + Level 3.4 Armour
 + Level 4.5 Dodging
 - Level 1.0 Evocations


You had 7 spell levels left.
You didn't know any spells.
Your spell library contained the following spells:

 Spells                   Type           Power      Damage    Failure   Level
 Freeze                   Ice            0%         1d3       100%        1
 Kiss of Death            Conj/Necr      0%         2d5       100%        1
 Confusing Touch          Hex            0%         N/A       100%        3
 Frozen Ramparts          Ice            0%         1d1       100%        3
 Hailstorm                Conj/Ice       0%         3d3       100%        3
 Dispel Undead            Necr           0%         3d6       100%        4


Dungeon Overview and Level Annotations

Branches:
Dungeon (6/15) Zot: 728    Temple (0/1) D:6

Altars:
Cheibriados
Fedhas
Wu Jian
Zin

Annotations:
D:3 3 runed translucent doors, Natasha; olmar's ghost, amateur MiFi; turdburglar's ghost, weakling DsVM


Innate Abilities, Weirdness & Mutations

You passively map a small area around you.
You are easily found by Zot.
You glow in the dark.
You regain HP and MP as you explore.


Message History

The gnoll is moderately wounded.
You spin and attack the gnoll repeatedly.
You hit the gnoll.
The gnoll is severely wounded.
You hit the gnoll.
The gnoll is almost dead.
The gnoll closely misses you. The gnoll hits you with a +0 club.
* * * LOW HITPOINT WARNING * * *
The gnoll sergeant hits you with a +2 trident of protection.
* * * LOW HITPOINT WARNING * * *
Press: ? - help, v - describe, . - travel
Here: a gnoll, wielding a +0 club (almost dead, haloed)
The floor, spattered with blood.
You spin and attack the gnoll.
You hit the gnoll.
You kill the gnoll!
The Council accepts your kill.
The gnoll sergeant hits you from afar with a +2 trident of protection.
* * * LOW HITPOINT WARNING * * *
Things that are here:
a +0 club; a gnoll corpse You spin and attack the gnoll.
You hit the gnoll.
The gnoll is severely wounded.
The gnoll hits you but does no damage.
Okay, then.
Your muscles tense, ready for explosive movement...
You spin and attack the gnoll, with incredible momentum.
You puncture the gnoll!
You blow up the gnoll!
The Council accepts your kill.
You see here a +0 flail.
You spin and attack the gnoll sergeant, with incredible momentum.
You hit the gnoll sergeant but do no damage.
Your supernatural speed expires.
Press: ? - help, v - describe, . - travel
Here: a gnoll sergeant, wielding a +2 trident of protection, wearing a +0 scale mail and wearing a +0 buckler (haloed)
The floor, spattered with blood.
You spin and attack the gnoll sergeant.
You hit the gnoll sergeant but do no damage.
The gnoll sergeant hits you with a +2 trident of protection!
You die...

................##
.......#.........### ##
......####.........###.#
#....## ##.........#..#
###.## ##..........###
#.. ##............# #..#
#..........### ..#
##.....g)...#*
*#.....☼@).#..# ***
*#.......☼###..# ,
........## .# ,
......### *,# , ,.....#
, .<...* * , .##.. , #.
* , ,


You could see a gnoll sergeant.

Vanquished Creatures
  A kobold brigand (D:6)
  A bullfrog (D:6)
  4 hounds
  2 jellies
  An iguana (D:5)
  3 sleepcaps
  Terence (D:2)
  2 orc wizards (D:5)
  Ijyb (D:4)
  Robin (D:3)
  5 gnolls (D:6)
  6 adders
  2 ufetubi
  8 orcs
  6 endoplasms
  2 giant cockroaches
  12 goblins
  9 hobgoblins
  4 jackals (D:5)
  12 kobolds
  4 quokkas
  4 ball pythons
  8 bats
  5 frilled lizards
  6 rats
110 creatures vanquished.

Notes
Turn   | Place    | Note
-------+----------+-------------------------------------------
     0 | D:1      | monsoonserge the Meteoran Monk began the quest for the Orb.
     0 | D:1      | Reached XP level 1. HP: 19/19 MP: 2/2
    50 | D:1      | Reached XP level 2. HP: 24/26 MP: 3/3
   240 | D:1      | Reached skill level 4 in Long Blades
   282 | D:1      | Reached XP level 3. HP: 32/33 MP: 4/4
   944 | D:3      | Found a runed translucent gate.
   944 | D:3      | Found a runed translucent gate.
   944 | D:3      | Found a runed translucent gate.
   998 | D:3      | Noticed Robin
   999 | D:3      | Noticed Terence
  1093 | D:2      | Reached XP level 4. HP: 40/40 MP: 5/5
  1249 | D:2      | Found a faded altar of an unknown god.
  1255 | D:2      | Prayed at the altar of an unknown god.
  1255 | D:2      | Became a worshipper of the Wu Jian Council
  1255 | D:2      | Reached * piety under Wu Jian
  1255 | D:2      | Reached ** piety under Wu Jian
  1332 | D:3      | Noticed olmar's ghost (amateur MiFi)
  1332 | D:3      | Noticed turdburglar's ghost (weakling DsVM)
  1342 | D:3      | Reached *** piety under Wu Jian
  1358 | D:2      | Killed Terence
  1359 | D:2      | Reached skill level 5 in Long Blades
  1359 | D:2      | Reached skill level 1 in Armour
  1359 | D:2      | Reached XP level 5. HP: 7/46 MP: 6/6
  1495 | D:3      | Killed Robin
  1581 | D:3      | Noticed Natasha
  1585 | D:3      | You fall into a shaft and drop 2 floors!
  1585 | D:5      | Entered Level 5 of the Dungeon
  1632 | D:5      | Reached XP level 6. HP: 34/52 MP: 7/7
  1649 | D:5      | Reached skill level 6 in Long Blades
  1806 | D:4      | Found a blossoming altar of Fedhas.
  2015 | D:5      | Found a snail-covered altar of Cheibriados.
  2072 | D:4      | Identified the +5 war axe of the New World {antimagic, rC+
                  | Dex-2 Stlth+}
  2096 | D:3      | Reached XP level 7. HP: 56/60 MP: 8/8
  2135 | D:4      | Reached **** piety under Wu Jian
  2220 | D:4      | Noticed Ijyb
  2231 | D:4      | Killed Ijyb
  2379 | D:4      | Reached skill level 7 in Long Blades
  2595 | D:6      | Reached skill level 1 in Evocations
  2612 | D:6      | Reached skill level 1 in Short Blades
  2619 | D:6      | Found a staircase to the Ecumenical Temple.
  2622 | D:6      | Identified the +3 hand axe of Ymabiug {heavy, rF+}
  2686 | D:6      | Found a glowing silver altar of Zin.
  2686 | D:6      | Noticed an angel
  2712 | D:6      | Reached skill level 5 in Fighting
  2712 | D:6      | Reached XP level 8. HP: 36/68 MP: 9/9
  2852 | D:6      | Slain by a gnoll sergeant

Illustrated notes

Levels and vault maps discovered:
D:1:      dpeg_arrival_stone_temple_mockup, layout_loops_ring
D:2:      layout_basic, dreamdust_ecumenical_altar_angels_and_demons,
          ebering_dispersal_statue_hall, columned_hall_lemuel,
          chequers_big_river, minmay_misc_feat_pillars, dreamdust_wishing_well
D:3:      layout_rooms, general_overflow_altar, lemuel_round_altar,
          gammafunk_ghost_cemetery, uniq_terence, uniq_robin, uniq_natasha
D:4:      layout_basic, nicolae_overflow_hidden_temple, uniq_ijyb
D:5:      nicolae_cairo_tiling, layout_basic, mainiacjoe_overflow_alcove_4
D:6:      layout_layer_cave, zin_angel, minmay_temple_entry_overgrown

Skill      XL: |  1  2  3  4  5  6  7  8 |
---------------+-------------------------+-----
Dodging        | 4 |  4.5
Long Blades    | 4 5 6 7 |  7.3
Fighting       | 4 5 |  5.1
Armour         | 1 2 3 |  3.4
Evocations     | 1 |  1.0
Short Blades   | 2 3 |  3.2

Action                     |  1- 3 |  4- 6 |  7- 9 || total
---------------------------+-------+-------+-------++-------
  Melee: Falchion          |    73 |   164 |    37 ||   274
         Rapier            |       |       |   134 ||   134
 Invoke: Serpent's Lash    |       |       |     1 ||     1
Ability: Whirlwind         |       |    61 |    79 ||   140
         Lunge             |       |    12 |    13 ||    25
         Wall Jump         |       |     3 |     1 ||     4
 Armour: Leather armour    |     4 |       |       ||     4
         Chain mail        |    22 |    72 |    78 ||   172
  Dodge: Dodged            |    31 |    31 |    56 ||   118
